 Dungeon Crawl Stone Soup version 0.31-a0-150-g89dc3ad700 (webtiles) character file.

Game seed: 772039173266031513

53 qw the Shooter (level 3, 0/31 HPs)
             Began as a Minotaur Hunter on June 8, 2023.
             Slain by Terence
             ... wielding a +0 mace
              (10 damage)
             ... on level 2 of the Dungeon.
             The game lasted 00:00:22 (967 turns).

qw the Shooter (Minotaur Hunter)                     Turns: 967, Time: 00:00:23

Health: 0/31       AC:  3    Str: 15    XL:     3   Next: 62%
Magic:  2/2        EV: 12    Int:  6    God:
Gold:   17         SH:  0    Dex: 15    Spells: 2/2 levels left

rFire   . . .        Y - +0 shortbow
rCold   . . .        (shield currently unavailable)
rNeg    . . .        c - +0 leather armour
rPois   .            (helmet restricted)
rElec   .            (no cloak)
rCorr   .            (no gloves)
SInv    .            (no boots)
Will    +....        (no amulet)
Stlth   +            j - ring of willpower
HPRegen 0.25/turn    (no ring)
MPRegen 0.08/turn

%: no passive effects
@: no status effects
A: horns 2, retaliatory headbutt
a: no special abilities


You were on level 2 of the Dungeon.
You visited 1 branch of the dungeon, and saw 2 of its levels.

You collected 43 gold pieces.
You spent 26 gold pieces at shops.


Innate Abilities, Weirdness & Mutations

You have a pair of horns on your head.
You reflexively headbutt those who attack you in melee.


   Skills:
 - Level 3.3 Fighting
 + Level 5.5 Ranged Weapons
 - Level 2.1 Dodging
 - Level 0.7 Stealth


You had 2 spell levels left.
You didn't know any spells.
Your spell library was empty.

Inventory:

Hand Weapons
 Y - a +0 shortbow (weapon)
Armour
 c - a +0 leather armour (worn)
Jewellery
 j - a ring of willpower (left hand)
Scrolls
 a - a scroll of torment {unknown}
 b - a scroll of amnesia {unknown}
 i - a scroll of identify
Potions
 d - a potion of curing {unknown}

Dungeon Overview and Level Annotations

Branches:
Dungeon (2/15)

Altars:

Shops:
D:1 ?

Annotations:
D:2 Terence


Message History

The goblin shoots a sling bullet.
The sling bullet closely misses you.
You shoot an arrow. The arrow hits the goblin.
The goblin is heavily wounded.
The goblin shoots a sling bullet.
The sling bullet closely misses you.
You shoot an arrow.
The arrow hits Terence but does no damage.
An adder comes into view.
You shoot an arrow. The arrow closely misses Terence.
The adder hisses angrily.
The goblin shoots a sling bullet.
The sling bullet closely misses you.
You shoot an arrow.
The arrow hits Terence but does no damage.
You shoot an arrow. The arrow barely misses Terence.
Terence hits you with a +0 mace.
A kobold comes into view. It is wielding a +0 short sword.
You shoot an arrow. The arrow barely misses Terence.
The arrow closely misses the goblin.
The kobold shouts!
Terence hits you with a +0 mace.
You shoot an arrow. The arrow hits the goblin!
You kill the goblin!
Terence barely misses you.
You shoot an arrow.
The arrow hits Terence but does no damage.
Terence barely misses you. Terence closely misses you.
You shoot an arrow.
The arrow hits Terence but does no damage.
Terence closely misses you. You furiously retaliate!
You headbutt Terence, but do no damage. You shoot an arrow.
The arrow hits Terence!
Terence is moderately wounded.
Terence hits you with a +0 mace!
You shoot an arrow.
The arrow hits Terence but does no damage.
Terence is moderately wounded.
Terence hits you with a +0 mace!
You shoot an arrow. The arrow hits Terence.
Terence is heavily wounded.
Terence hits you with a +0 mace!
You die...

.###<# .....#
#........... .###.#
#.......... .# #.#
+......... .# #.#
.##........ .# #..
........?. .# #.#
.#......S [# #..
...[$.)@##### .# #.# #.
#.@....# .###
.#.###..##### ....
.......>#### .# #
...........# .###.#
...........# .....##
#...........#
......###...........#
.#..........###..########
.#.#..# #................


You could see Terence and an adder.

Vanquished Creatures
  2 adders (D:2)
  A worm (D:2)
  2 dart slugs (D:2)
  2 ball pythons
  An endoplasm (D:2)
  5 giant cockroaches
  2 goblins
  2 hobgoblins (D:1)
  A quokka (D:1)
  4 bats
  A frilled lizard (D:2)
  2 kobolds (D:2)
  3 rats
28 creatures vanquished.

Notes
Turn   | Place    | Note
-------+----------+-------------------------------------------
     0 | D:1      | qw the Minotaur Hunter began the quest for the Orb.
     0 | D:1      | Reached XP level 1. HP: 18/18 MP: 0/0
     0 | D:1      | 0 ||| qw: Version: 0.2-a-119-g0488c42
     0 | D:1      | 0 ||| qw: Game counter: 2736
     0 | D:1      | 0 ||| qw: Always use a shield: true
     0 | D:1      | 0 ||| qw: God list: Okawaru
     0 | D:1      | 0 ||| qw: Allow faded altars: false
     0 | D:1      | 0 ||| qw: Do Orc after D:15 true
     0 | D:1      | 0 ||| qw: Do second Lair branch before Depths: true
     0 | D:1      | 0 ||| qw: Lair rune preference: random
     0 | D:1      | 0 ||| qw: Plans: Normal
     0 | D:1      | 0 ||| PLANNING D:1-11
   539 | D:1      | Reached XP level 2. HP: 25/25 MP: 1/1
   545 | D:1      | Reached skill level 5 in Ranged Weapons
   573 | D:1      | Found Hammuv's Magic Scroll Shop.
   576 | D:1      | 576 ||| SHOPLISTING scroll of enchant armour (97 gold, have
                  | 35).
   576 | D:1      | 576 ||| SHOPLISTING scroll of enchant weapon (97 gold, have
                  | 35).
   576 | D:1      | 576 ||| BUYING scroll of identify (26 gold).
   576 | D:1      | Bought a scroll of identify for 26 gold pieces
   576 | D:1      | 576 ||| SHOPLISTING scroll of identify (26 gold, have 9).
   662 | D:1      | 662 ||| UPGRADING to ring of willpower.
   663 | D:1      | 663 ||| READING scroll labelled WITSUM PAKE.
   664 | D:1      | 664 ||| READING scroll labelled FOYZXOSADI.
   665 | D:1      | 665 ||| READING scroll labelled KIBEODD HUPEI.
   666 | D:1      | 666 ||| READING scroll labelled ZUELY GUFO.
   667 | D:1      | 667 ||| READING scroll labelled ZOIH NOCEUPID.
   672 | D:1      | 672 ||| READING 2 scrolls of identify.
   672 | D:1      | 672 ||| IDENTIFYING smoky purple potion
   673 | D:1      | 673 ||| DROPPING scroll of butterflies.
   674 | D:1      | 674 ||| DROPPING potion of enlightenment.
   746 | D:2      | Reached skill level 3 in Fighting
   775 | D:2      | Reached XP level 3. HP: 31/31 MP: 2/2
   954 | D:2      | Noticed Terence
   967 | D:2      | Slain by Terence

Levels and vault maps discovered:
D:1:      mainiacjoe_arrival_reflecting_pool, layout_loops_ring, serial_shops,
          nicolae_shop_rolled_up
D:2:      minmay_alternating_diamond, layout_basic, uniq_terence, uniq_sigmund

Skill      XL: |  1  2 |
---------------+-------+-----
Ranged Weapons | 5 |  5.5
Fighting       | 3 |  3.3
Dodging        | |  2.1
Stealth        | |  0.7

Action                     || total
---------------------------++-------
   Fire: Shortbow          ||    85
    Use: Scroll            ||     6
 Armour: Leather armour    ||     3
  Dodge: Dodged            ||    22

Table legend:
 A = Non-vault XP
 B = Vault XP
 C = Vault XP percentage of total XP
 D = Non-vault monster count
 E = Vault monster count
 F = Vault count percentage of total count
                 A         B        C        D         E       F
            +---------+---------+-------+---------+---------+-------
      Total |      63 |      13 |  17.1 |      23 |       5 |  17.9
            +---------+---------+-------+---------+---------+-------
        D:1 |      20 |       0 |   0.0 |      12 |       0 |   0.0
        D:2 |      43 |      13 |  23.2 |      11 |       5 |  31.2
            +---------+---------+-------+---------+---------+-------
